Cogmind - Beta 13 @@@ ROGUE MODE // 2024.05.18 @ 12:51:40 Player: morimori Result: Destroyed by H-77 Assassin with Coil Gun Performance ------------- Evolutions (7) 3500 Regions Visited (17) 3400 Robots Destroyed (321) 1605 Value Destroyed (12377) 12377 Prototype IDs (50) 1000 Alien Tech Used (0) 0 Bonus (3960) 3960 TOTAL SCORE: 25842 Bonus ------- High Alert Combat Kills 1958 Follower Combat Kills 1703 Network Hubs Disabled 400 Friendly Fire -101 Cogmind --------- Core Integrity 0/1300 Matter 218/300 Energy 84/100 System Corruption 62% Temperature Cool (0) Movement Core (50) Location -3/Research Parts ------- > --- POWER (2) -------- (None) > --- PROPULSION (6) --- (None) > --- UTILITY (9) ------ Experimental Optical Array Experimental Signal Interpreter Experimental Terrain Scan Processor Advanced Target Analyzer Hacking Suite System Shield System Shield > --- WEAPON (4) ------- (None) > --- INVENTORY (5) ---- Particle Reactor Biometal Leg Biometal Leg Biometal Leg Huge Storage Unit Peak State ------------ > --- POWER ------------ Light Antimatter Reactor Micro Antimatter Reactor > --- PROPULSION ------- Myomer Leg Myomer Leg Myomer Leg Centrium Leg Centrium Leg Centrium Leg > --- UTILITY ---------- Advanced Heat Sink Huge Storage Unit Experimental Optical Array Advanced Signal Interpreter Experimental Terrain Scan Processor Nanoactuators Improved Phase Shifter Improved Hacking Suite Experimental System Shield > --- WEAPON ----------- Gamma Rifle Gamma Rifle Advanced Plasma Cannon Matter Neutralizer > --- INVENTORY -------- Micro Fission Core Light Antimatter Reactor VSS Leg VSS Leg VSS Leg VSS Leg Flexi-carbon Leg Advanced Heat Sink Advanced Heat Sink Advanced Heat Sink Compact Battery Sensor Array Improved Melee Analysis Suite Improved Launcher Guidance Computer Advanced Target Analyzer Advanced Target Analyzer Improved Reaction Control System Phase Shifter Improved Component Analysis Suite Cooled Plasma Rifle Advanced Plasma Cannon Enhanced Gauss Cannon Long-range Missile Launcher Advanced Datajack Advanced Remote Datajack [Rating: 158] Favorites ----------- Power Light Antimatter Reactor Engine Cooled Deuterium Engine Power Core Enhanced Nuclear Core Reactor Light Antimatter Reactor Propulsion Carbon-fiber Leg Treads Medium Treads Leg Carbon-fiber Leg Wheel Wheel Hover Unit Linear Gravjet Flight Unit Field Propulsion Drive Utility High-capacity Storage Unit Device Advanced Heat Sink Storage High-capacity Storage Unit Processor Advanced Signal Interpreter Hackware Improved Hacking Suite Protection Centrium Medium Armor Plating Weapon Enhanced Autogun Energy Gun Quantum Rifle Energy Cannon Advanced Plasma Cannon Ballistic Gun Enhanced Autogun Ballistic Cannon Enhanced Gauss Cannon Launcher Precision Grenade Launcher Impact Weapon Great Maul Slashing Weapon Chainsword Build | -11 -10 -9 -8 -7 -7 -6 -6 -6 -5 -5 -5 -5 -5 -4 -4 -4 -3 ------- Run | Yrd Mat Mat Mat Fac Sto Fac Low Low Fac Ext Cet Arc Hub Fac Was Fac Res Slots Evolved 14 | . . 2 2 2 . 2 . . 2 . . . . 2 . . 2 Power 1 | . . . . . . . . . 1 . . . . . . . . Propulsion 4 | . . . 2 1 . 1 . . . . . . . . . . . Utility 7 | . . 2 . 1 . . . . 1 . . . . 2 . . 1 Weapon 2 | . . . . . . 1 . . . . . . . . . . 1 Parts Attached 463 | 7 16 21 36 38 26 25 5 3 38 42 5 20 23 5 . 21 132 Power 33 | 1 3 1 6 1 1 . . . 5 2 . 2 3 . . 1 7 Engine 11 | 1 3 . 2 1 . . . . 2 . . 2 . . . . . Core 14 | . . 1 4 . 1 . . . 2 2 . . 3 . . . 1 Reactor 8 | . . . . . . . . . 1 . . . . . . 1 6 Propulsion 121 | 2 5 8 14 5 7 3 . 1 5 17 . 2 4 1 . 11 36 Treads 1 | . . . . . . . . . 1 . . . . . . . . Leg 94 | . . 2 12 5 7 3 . 1 4 17 . 2 4 . . 3 34 Wheel 15 | 2 5 6 2 . . . . . . . . . . . . . . Hover 10 | . . . . . . . . . . . . . . 1 . 8 1 Flight 1 | . . . . . . . . . . . . . . . . . 1 Utility 191 | 1 2 9 4 17 11 12 4 2 20 16 4 10 13 4 . 7 55 Device 133 | . 1 4 1 9 8 11 2 1 17 11 1 10 8 3 . 5 41 Storage 8 | 1 1 1 . . . . . . 1 . . . . . . . 4 Processor 13 | . . 1 1 1 . . 1 . 1 1 . . . 1 . 1 5 Hackware 12 | . . . . 1 . . . . . 3 . . 4 . . 1 3 Protection 25 | . . 3 2 6 3 1 1 1 1 1 3 . 1 . . . 2 Artifact . | . . . . . . . . . . . . . . . . . . Weapon 118 | 3 6 3 12 15 7 10 1 . 8 7 1 6 3 . . 2 34 Energy Gun 35 | 2 3 2 6 2 4 1 . . 1 . 1 2 2 . . . 9 Energy Cannon 18 | . . . . 1 2 1 1 . 2 2 . . . . . . 9 Ballistic Gun 23 | 1 3 1 4 5 . 1 . . 1 2 . 4 . . . . 1 Ballistic Cannon 7 | . . . 1 1 . . . . 3 . . . . . . . 2 Launcher 25 | . . . 1 6 1 5 . . 1 2 . . 1 . . . 8 Special Weapon . | . . . . . . . . . . . . . . . . . . Impact Weapon 6 | . . . . . . 2 . . . 1 . . . . . . 3 Slashing Weapon 4 | . . . . . . . . . . . . . . . . 2 2 Piercing Weapon . | . . . . . . . . . . . . . . . . . . Special Melee Weapon . | . . . . . . . . . . . . . . . . . . Unidentified Prototypes 9 | . . . 3 . 3 1 . . . . 1 . . . . . 1 Corrupted Parts 10 | . . . . . . . . . 3 1 . . 1 . . . 5 System Corruption 59 | . . . . . . . . . 30 7 . . 4 . . . 18 Parts Lost 113 | . 7 5 1 2 1 1 . . 13 5 . 2 16 . . 4 56 Power 10 | . 2 . . . . . . . . . . . 1 . . . 7 Propulsion 47 | . 3 4 . . 1 . . . 7 . . 1 9 . . 2 20 Utility 27 | . . 1 1 2 . . . . 2 3 . 1 3 . . 2 12 Weapon 29 | . 2 . . . . 1 . . 4 2 . . 3 . . . 17 Highest Loss Streak 15 | . 5 3 1 1 1 1 . . 9 3 . 2 13 . . 2 15 To Critical Strikes . | . . . . . . . . . . . . . . . . . . Average Slot Usage (%) 94 | . 95 95 99 99 99 99 100 100 90 95 100 96 97 42 47 73 91 Engine 2 | . 13 . . 6 2 . . . 3 . . 3 5 . . . . Core 3 | . . 10 8 . 4 6 6 6 5 5 5 3 4 . . . 1 Reactor 2 | . . . . . . . . . 1 5 5 3 . . . 4 6 Leg 26 | . . 2 30 38 37 40 40 40 29 29 35 33 33 . . 7 26 Wheel 3 | . 27 18 5 . . . . . . . . . . . . . . Hover 1 | . . . . . . . . . . . . . . 4 5 16 . Device 10 | . 10 21 14 7 6 6 5 4 8 13 11 10 11 6 10 10 11 Storage 6 | . 14 11 9 7 7 6 6 6 5 5 5 5 4 . . . 3 Processor 8 | . . . 4 7 7 6 12 7 8 5 5 5 5 10 10 14 15 Hackware 4 | . . . . 1 7 6 6 6 1 7 . . . 21 21 15 7 Protection 4 | . . 8 7 11 7 6 . 6 3 . 11 11 9 . . . . Energy Gun 5 | . 13 11 9 4 6 6 . . . 3 . 5 7 . . . 3 Energy Cannon 3 | . . . . 1 4 3 5 6 4 4 5 . . . . . 7 Ballistic Gun 4 | . 13 11 7 4 2 2 6 6 2 3 5 10 7 . . . . Launcher 1 | . . . . . . 3 6 6 4 . 4 . . . . . . Naked Turns . | . . . . . . . . . . . . . . . . . . Heaviest Build 164 | 11 50 58 69 76 66 69 67 68 119 95 102 101 93 2 2 18 164 Greatest Support 165 | 26 26 26 64 79 77 98 98 103 103 110 110 115 115 9 9 36 165 Greatest Overweight (x) 5 | . 2 5 2 . 1 . . . 4 1 . 1 1 . . . 2 Average Overweight (x) . | . . 1 . . . . . . . . . . . . . . . Largest Inventory Capacity 25 | 8 20 20 20 20 20 20 20 20 20 20 20 20 20 5 5 5 25 Average Capacity 18 | 7 15 20 20 20 20 20 20 20 20 20 20 20 19 5 5 5 21 Most Carried 25 | 8 20 20 20 20 20 20 20 20 20 20 20 20 20 5 5 5 25 Average Carried 17 | 4 11 19 19 19 19 19 20 19 18 19 19 19 19 4 5 4 18 Final Capacity 20 | 8 20 20 20 20 20 20 20 20 20 20 20 20 5 5 5 5 5 Final Carried 20 | 8 20 20 20 20 20 20 20 20 19 20 20 20 5 5 5 5 5 Class Distribution -------------------- 37% | Scavenger-Mutant 16% | Scavenger-Skirmisher 13% | Scavenger-Tank 10% | Mutant 6% | Hacker-Scout 6% | Skirmisher 4% | Scavenger-Assassin Dominant Class ---------------- Scavenger-Mutant | -10/Materials Scavenger-Mutant | -9/Materials Scavenger-Mutant | -8/Materials Scavenger-Mutant | -7/Factory Mutant | -7/Storage Mutant | -6/Factory Skirmisher | -6/Lower Caves Scavenger-Skirmisher | -6/Lower Caves Scavenger-Skirmisher | -5/Factory Scavenger-Mutant | -5/Extension Scavenger-Tank | -5/Cetus Scavenger-Tank | -5/Archives Scavenger-Tank | -5/Hub_04(d) Scavenger-Tank | -4/Factory Hacker-Mutant | -4/Waste Hacker-Scout | -4/Factory Scavenger-Skirmisher | -3/Research Resources | -11 -10 -9 -8 -7 -7 -6 -6 -6 -5 -5 -5 -5 -5 -4 -4 -4 -3 ----------- Run | Yrd Mat Mat Mat Fac Sto Fac Low Low Fac Ext Cet Arc Hub Fac Was Fac Res Matter Collected 8061 | 283 187 480 604 905 260 366 75 70 734 605 121 585 415 80 . 222 2069 Remotely 40 | . . . . . . . . . 40 . . . . . . . . Salvage Created 14334 | 133 569 1241 1236 1792 604 745 . 82 1045 859 191 716 1122 . . 224 3775 Parts 668 | 9 36 98 50 97 19 28 . 3 37 31 10 39 33 . . 18 160 Haulers Intercepted 21 | . 1 4 3 4 3 1 . . 1 . . . 2 . . . 2 Recyclers Shooed 5 | . . . . . . . . . 2 1 . . . . . . 2 Parts Field Recycled . | . . . . . . . . . . . . . . . . . . Retrieved Matter . | . . . . . . . . . . . . . . . . . . Parts Self-Destructed 2 | . . . . . . . . 2 . . . . . . . . . Prevented . | . . . . . . . . . . . . . . . . . . Kills | -11 -10 -9 -8 -7 -7 -6 -6 -6 -5 -5 -5 -5 -5 -4 -4 -4 -3 ------- Run | Yrd Mat Mat Mat Fac Sto Fac Low Low Fac Ext Cet Arc Hub Fac Was Fac Res Combat Hostiles Destroyed 203 | . 9 16 14 27 8 13 . 2 17 11 2 4 11 . . 5 64 Melee 13 | . . . . . . . . . . . . . . . . 5 8 Guns 75 | . 7 16 12 4 3 4 . . 2 5 . 2 11 . . . 9 Cannons 41 | . . . . 3 2 . . . 9 2 . . . . . . 25 AOE 56 | . 1 . 2 17 3 7 . 2 3 3 . . . . . . 18 Classes Destroyed 16 | 2 4 4 2 2 . . . . . 1 . . . . . . 1 Worker 27 | . . 5 4 5 . . . . 1 . . . 5 . . 2 5 Builder 12 | . . 2 . 4 . . . . 1 1 . . 1 . . . 3 Tunneler 4 | 3 . . . . . . . . 1 . . . . . . . . Hauler 21 | . 1 4 3 4 3 1 . . 1 . . . 2 . . . 2 Recycler 18 | 1 2 2 2 4 1 1 . . . 1 . . 1 . . . 3 Mechanic 3 | . . . . 1 . . . . . . . . . . . . 2 Operator 13 | . . 1 . . 1 . . . . 1 . 9 . . . . 1 Watcher 20 | . 3 4 4 2 . 3 . . . 1 1 . 1 . . . 1 Swarmer 44 | . 3 3 . 9 . 7 . . . 2 . . . . . 3 17 Saboteur 1 | . . . . . . . . . . . . . . . . . 1 Grunt 87 | . 6 9 9 13 4 4 . . 11 6 . . 5 . . . 20 Brawler 5 | . . . . . . . . . . 1 . . 1 . . . 3 Duelist 2 | . . . 1 . . . . . . 1 . . . . . . . Sentry 21 | . . 4 3 1 3 2 . . 2 . . 4 1 . . . 1 Hunter 10 | . . . 1 2 . . . 2 . 1 . . . . . . 4 Programmer 31 | . . . . 2 1 . . . 4 . . . 4 . . 2 18 Cetus Guard 2 | . . . . . . . . . . . 2 . . . . . . Best Kill Streak 12 | 3 3 9 4 12 5 5 . 2 12 5 3 2 10 . . 2 8 Combat Bots Only 8 | . 3 4 3 5 4 4 . 2 8 5 2 1 3 . . 2 7 Max Kills in Single Turn 6 | 1 1 1 2 3 4 2 . 2 3 2 1 1 6 . . 1 5 Gunslinging . | . . . . . . . . . . . . . . . . . . Exploded 3 | . 1 . 1 3 3 2 . 2 2 2 . . . . . . 3 Melee 1 | . . . . . . . . . . . . . . . . 1 1 Uniques/NPCs Destroyed . | . . . . . . . . . . . . . . . . . . Combat | -11 -10 -9 -8 -7 -7 -6 -6 -6 -5 -5 -5 -5 -5 -4 -4 -4 -3 -------- Run | Yrd Mat Mat Mat Fac Sto Fac Low Low Fac Ext Cet Arc Hub Fac Was Fac Res Hostile Shots Fired 1839 | . 85 91 82 153 90 91 . 6 199 92 10 38 123 . . 64 715 Missed 599 | . 18 21 29 51 26 54 . 3 50 30 5 7 26 . . 34 245 Damage Taken 23292 | . 767 818 822 1158 547 641 . 54 2910 1193 138 840 2491 . . 542 10371 Core 3081 | . 240 126 122 152 38 85 . 18 264 63 . 58 498 . . 102 1315 Absorbed by Shields 103 | . . . . . . . . . . 50 53 . . . . . . Redirected to Shielding 100 | . . . 26 74 . . . . . . . . . . . . . Ignored by Resistances 267 | . . . . 18 . . . . 216 33 . . . . . . . Regen/Repaired (Parts) 468 | . 92 . 108 . 161 . . . . 107 . . . . . . . Core Remaining (%) 63 | 100 4 68 77 . 72 . . 87 . . . . 11 . . 91 . Volleys Fired 838 | 13 48 85 85 81 30 35 58 1 71 40 7 43 70 . . . 171 Largest 4 | 2 2 2 2 2 2 3 1 1 2 3 1 3 2 . . . 4 Hottest 359 | 70 85 85 112 105 105 136 30 36 178 211 36 199 188 . . . 359 Shots Fired 1584 | 26 85 170 164 129 54 62 58 1 123 88 8 108 127 . . . 381 Gun 1037 | 26 85 170 161 78 33 40 . . 32 59 1 104 123 . . . 125 Cannon 468 | . . . . 30 20 13 58 . 82 26 . 4 . . . . 235 Launcher 79 | . . . 3 21 1 9 . 1 9 3 7 . 4 . . . 21 Special . | . . . . . . . . . . . . . . . . . . Kinetic 540 | 13 37 85 63 52 10 14 . . 69 33 1 67 20 . . . 76 Thermal 907 | 13 36 85 98 56 43 39 58 . 45 52 . 41 103 . . . 238 Explosive 30 | . . . . 7 . 4 . 1 . . . . 4 . . . 14 Electromagnetic 107 | . 12 . 3 14 1 5 . . 9 3 7 . . . . . 53 Robot Hit Streak 16 | 8 7 9 14 13 11 11 . 1 13 11 1 12 12 . . . 16 Robot Miss Streak 8 | 5 8 5 3 6 6 6 . . 4 4 2 5 4 . . . 7 Penetration Max 1 | . . . . . . . . . . 1 . 1 1 . . . . Secondary Targets 10 | . 2 5 . . . . . . . . . . 2 . . . 1 Max Gunslinging Chain 1 | . 1 1 . . . . . . . . . . 1 . . . 1 Shots Hit Robots 984 | 16 51 110 110 69 38 46 . 1 88 51 2 69 66 . . 16 251 Core Hits 604 | 7 24 52 46 66 32 57 . 3 40 27 9 32 38 . . 7 164 Critical Kills 9 | . . 1 . . . . . . 1 2 . 5 . . . . . Critical Parts Destroyed 6 | . 1 1 1 . . . . . . . . 2 1 . . . . Critical Strikes 51 | . 6 5 5 1 . . . . 3 2 . 9 1 . . 2 17 Burn 19 | . 5 3 4 1 . . . . . . . . . . . . 6 Meltdown 3 | . . . . . . . . . 1 1 . 1 . . . . . Destroy 14 | . 1 2 1 . . . . . . 1 . 8 1 . . . . Blast 8 | . . . . . . . . . 2 . . . . . . . 6 Sever 7 | . . . . . . . . . . . . . . . . 2 5 Melee Attacks 70 | . . . . . . . . . . 14 . . . . . 28 28 Impact 15 | . . . . . . . . . . 14 . . . . . . 1 Slashing 55 | . . . . . . . . . . . . . . . . 28 27 Piercing . | . . . . . . . . . . . . . . . . . . Sneak Attacks 5 | . . . . . . . . . . . . . . . . 2 3 Combat Hostiles 1 | . . . . . . . . . . . . . . . . . 1 Follow-up Attacks . | . . . . . . . . . . . . . . . . . . Damage Inflicted 35644 | 183 685 1661 2109 3296 1256 1878 . 105 3212 1637 542 1680 3382 . . 657 13361 Guns 13211 | 183 638 1661 1834 925 519 673 . . 432 777 . 1559 1996 . . . 2014 Cannons 9365 | . . . . 347 354 186 . . 1823 612 . 121 . . . . 5922 Explosions 11473 | . 47 . 275 2024 383 1019 . 105 957 245 542 . 1381 . . . 4495 Melee 1522 | . . . . . . . . . . . . . . . . 657 865 Ramming 73 | . . . . . . . . . . 3 . . 5 . . . 65 Kinetic 6956 | 73 152 706 727 388 56 168 . . 1236 374 . 880 372 . . . 1824 Thermal 15885 | 110 461 955 1182 924 817 691 . . 1289 1129 146 800 1624 . . . 5757 Explosive 5485 | . . . . 858 272 548 . 105 . . . . 326 . . . 3376 Electromagnetic 5723 | . 72 . 200 1126 111 471 . . 687 131 396 . 1055 . . . 1474 Impact 71 | . . . . . . . . . . . . . . . . . 71 Slashing 1451 | . . . . . . . . . . . . . . . . 657 794 Piercing . | . . . . . . . . . . . . . . . . . . Highest Corruption 62 | . 2 . . . . . . . 33 44 44 44 43 . . 2 62 Average Corruption 24 | . 1 . . . . . . . 9 35 44 37 26 . . 2 26 Corruption Purged 19 | . . . . . . . . . . . . 19 . . . . . Corruption Blocked . | . . . . . . . . . . . . . . . . . . Effects 405 | . 11 . . . . . . . 9 67 13 53 44 . . 4 204 Message Errors 80 | . 3 . . . . . . . 2 17 4 10 5 . . . 39 Matter Fused 69 | . 3 . . . . . . . 1 14 3 5 11 . . 1 31 Heat Flow Errors 32 | . 1 . . . . . . . 1 5 1 3 3 . . . 18 Energy Discharges 45 | . 1 . . . . . . . . 7 . 8 7 . . 1 21 Parts Rejected 8 | . . . . . . . . . . . . 1 2 . . . 5 Data Loss (minor) 35 | . 2 . . . . . . . 2 10 2 2 4 . . 2 11 Data Loss (major) 20 | . 1 . . . . . . . . 3 . 2 . . . . 14 Misfires 20 | . . . . . . . . . 1 3 2 5 2 . . . 7 Alerts 12 | . . . . . . . . . 1 . . . 3 . . . 8 Misdirections 26 | . . . . . . . . . . 1 . . 3 . . . 22 Weapon Failures 58 | . . . . . . . . . 1 7 1 17 4 . . . 28 Overload Shots . | . . . . . . . . . . . . . . . . . . Overflow Damage 924 | . . . . 23 8 21 . . 44 21 . . 129 . . 43 635 Projectiles 378 | . . . . 2 8 . . . 34 21 . . . . . . 313 Explosions 443 | . . . . 21 . 21 . . 10 . . . 129 . . . 262 Melee 103 | . . . . . . . . . . . . . . . . 43 60 Knockbacks 28 | . . . . . . . . . 10 . . . . . . . 18 Impact 1 | . . . . . . . . . . . . . . . . . 1 Kinetic 24 | . . . . . . . . . 10 . . . . . . . 14 Secondary 3 | . . . . . . . . . . . . . . . . . 3 Self-Inflicted Damage 733 | . . . . 9 . . . . 85 . 31 . 204 . . . 404 Shots 25 | . . . . 1 . . . . 1 . 2 . 3 . . . 18 Rammed . | . . . . . . . . . . . . . . . . . . Targets Rammed 6 | . . . . . . . . . . 1 . . 2 . . . 3 Kicked 6 | . . . . . . . . . . 1 . . 2 . . . 3 Crushed . | . . . . . . . . . . . . . . . . . . Highest Temperature 392 | 110 252 36 352 96 150 130 . . 311 392 83 263 217 . . 2 354 Average Temperature 76 | 44 94 11 62 22 35 34 . . 107 111 35 90 56 . . 2 87 Received Heat Transfer 4391 | . 324 330 333 213 171 156 . . 1026 225 9 117 405 . . 12 1070 Effects 20 | . 2 . 3 . . . . . 6 4 . . . . . . 5 Shutdowns 3 | . . . . . . . . . . 2 . . . . . . 1 Energy Bleed 2 | . 1 . . . . . . . . . . . . . . . 1 Interference 13 | . 1 . 3 . . . . . 6 1 . . . . . . 2 Short Circuit 1 | . . . . . . . . . . 1 . . . . . . . Damage (minor) 1 | . . . . . . . . . . . . . . . . . 1 Siege Activations . | . . . . . . . . . . . . . . . . . . Robots Corrupted 14 | . . . . 3 . 2 . . 1 . 2 . 2 . . . 4 Combat Hostiles 12 | . . . . 3 . 2 . . 1 . 2 . . . . . 4 Parts Fried 43 | . . . 1 8 . 5 . . 1 . 3 . 7 . . . 18 Impact Corruptions 3 | . . . . . . . . . . . . . . . . . 3 Robots Melted 7 | . 1 . . . . . . . 2 1 . 2 1 . . . . Combat Hostiles 6 | . 1 . . . . . . . 2 1 . 2 . . . . . Parts Melted 56 | . 3 5 12 1 4 . . . 5 5 . 2 8 . . . 11 Heat Transferred 22845 | 333 1506 2331 2727 1594 1021 679 . . 1737 1460 150 1073 1961 . . . 6273 Parts Sabotaged 4 | . . . . . . . . . . . . . . . . . 4 Parts Stolen . | . . . . . . . . . . . . . . . . . . Parts Stripped . | . . . . . . . . . . . . . . . . . . Power Chain Reactions 14 | . 1 . 1 5 . . . . 1 2 2 . . . . . 2 Alert | -11 -10 -9 -8 -7 -7 -6 -6 -6 -5 -5 -5 -5 -5 -4 -4 -4 -3 ------- Run | Yrd Mat Mat Mat Fac Sto Fac Low Low Fac Ext Cet Arc Hub Fac Was Fac Res Peak Influence 1381 | 20 141 294 282 660 548 312 . . 310 1263 793 487 810 403 141 221 1381 Initial 644 | . 13 11 29 7 300 153 . . 31 151 644 317 113 403 141 84 63 Average 310 | 9 58 126 78 208 427 209 . . 107 658 741 384 261 403 139 72 563 Maximum Alert Level 4 | . . 1 1 2 2 1 . . 1 4 3 2 3 2 . 1 4 Low Security (%) 50 | 100 100 90 96 51 . 54 . . 78 13 . . 28 . 100 96 24 Level 1 22 | . . 9 3 21 30 45 . . 21 22 . 57 64 . . 3 26 Level 2 15 | . . . . 27 69 . . . . 19 26 42 2 100 . . 19 Level 3 4 | . . . . . . . . . . 21 73 . 4 . . . 5 Level 4 7 | . . . . . . . . . . 22 . . . . . . 25 Level 5 . | . . . . . . . . . . . . . . . . . . High Security . | . . . . . . . . . . . . . . . . . . Max Security . | . . . . . . . . . . . . . . . . . . Squads Dispatched 63 | . 1 2 . 10 2 4 . . 4 7 . . 5 . . 7 21 Investigation 14 | . . . . 1 1 1 . . 1 3 . . . . . 4 3 Extermination 14 | . . . . 2 1 1 . . 1 . . . 1 . . 1 7 Reinforcement 26 | . 1 2 . 3 . 2 . . 2 3 . . 4 . . 2 7 Assault 6 | . . . . 1 . . . . . 1 . . . . . . 4 Garrison 3 | . . . . 3 . . . . . . . . . . . . . Intercept . | . . . . . . . . . . . . . . . . . . Searches Triggered . | . . . . . . . . . . . . . . . . . . Construction Impeded 12 | . . . . 2 . 1 . . 2 1 . . 2 . . . 4 Haulers Reinforced 2 | . . . . . . 1 . . . . . . . . . . 1 Active Scanning Responses . | . . . . . . . . . . . . . . . . . . Cargo Convoy Interrupts . | . . . . . . . . . . . . . . . . . . Stealth | -11 -10 -9 -8 -7 -7 -6 -6 -6 -5 -5 -5 -5 -5 -4 -4 -4 -3 --------- Run | Yrd Mat Mat Mat Fac Sto Fac Low Low Fac Ext Cet Arc Hub Fac Was Fac Res Distress Signals 25 | . 2 1 2 1 2 4 . . 1 2 1 . 1 . . 3 5 Communications Jammed . | . . . . . . . . . . . . . . . . . . Distress Signals . | . . . . . . . . . . . . . . . . . . Times Spotted 442 | . 19 25 26 40 15 20 . 2 27 50 4 19 24 . 6 37 128 Peak Tracking Total 14 | . 5 5 4 6 5 5 . 2 8 10 5 1 11 . 6 14 11 Tactical Retreats 31 | . . . 4 1 1 . . . 2 8 . . 1 . . 7 7 Traps | -11 -10 -9 -8 -7 -7 -6 -6 -6 -5 -5 -5 -5 -5 -4 -4 -4 -3 ------- Run | Yrd Mat Mat Mat Fac Sto Fac Low Low Fac Ext Cet Arc Hub Fac Was Fac Res Traps Triggered 9 | . 2 . . . . . . . 1 3 . . . 1 . 2 . Indirectly . | . . . . . . . . . . . . . . . . . . Trap Hack Attempts . | . . . . . . . . . . . . . . . . . . Triggered . | . . . . . . . . . . . . . . . . . . Disarmed . | . . . . . . . . . . . . . . . . . . Reprogrammed . | . . . . . . . . . . . . . . . . . . Reused . | . . . . . . . . . . . . . . . . . . Traps Extracted . | . . . . . . . . . . . . . . . . . . Installed . | . . . . . . . . . . . . . . . . . . Triggered 1 | . . . . . . . . . . . . . . . . . 1 Machines | -11 -10 -9 -8 -7 -7 -6 -6 -6 -5 -5 -5 -5 -5 -4 -4 -4 -3 ---------- Run | Yrd Mat Mat Mat Fac Sto Fac Low Low Fac Ext Cet Arc Hub Fac Was Fac Res Machines Disabled 41 | . 2 1 1 2 4 3 . . 3 3 2 3 13 . . . 4 Max in Single Turn 7 | . 1 1 1 2 3 2 . . 2 1 2 1 7 . . . 1 Garrison Access 5 | . . . . 1 1 . . . . . . . . 1 . 2 . Network Hub 2 | . . . . . . . . . . . . . 2 . . . . Machines Repaired . | . . . . . . . . . . . . . . . . . . Machines Dismantled . | . . . . . . . . . . . . . . . . . . Machines Sabotaged . | . . . . . . . . . . . . . . . . . . Overloaded Fab Kills . | . . . . . . . . . . . . . . . . . . Hacking | -11 -10 -9 -8 -7 -7 -6 -6 -6 -5 -5 -5 -5 -5 -4 -4 -4 -3 --------- Run | Yrd Mat Mat Mat Fac Sto Fac Low Low Fac Ext Cet Arc Hub Fac Was Fac Res Machines Accessed 94 | . 7 9 12 8 6 5 . . 4 11 1 . 2 1 . 16 12 Terminals 60 | . 4 7 10 3 4 4 . . 1 10 1 . 1 . . 9 6 Fabricators 10 | . . . . 2 . . . . 2 . . . . . . 3 3 Repair Stations 6 | . 1 1 1 . 1 . . . . 1 . . . . . . 1 Recycling Units 5 | . 2 . . 1 . . . . . . . . . . . 1 1 Scanalyzers 5 | . . 1 1 1 . . . . . . . . . . . 1 1 Garrison Access 8 | . . . . 1 1 1 . . 1 . . . 1 1 . 2 . Total Hacks 322 | . 24 31 40 20 17 16 . . 7 21 3 . 5 1 . 82 55 Successful 153 | . 18 15 21 11 8 7 . . 2 9 1 . . 1 . 45 15 Failed 166 | . 5 15 19 9 9 9 . . 5 12 2 . 5 . . 36 40 Catastrophic 43 | . 1 . 5 3 2 2 . . 2 4 2 . 2 . . 8 12 Database Lockouts 3 | . 1 1 . . . . . . . . . . . . . 1 . Manual 141 | . 13 17 25 7 1 6 . . 2 6 . 1 . . . 43 20 Terminals 221 | . 18 20 29 8 11 14 . . 1 19 3 . 2 . . 59 37 Fabricators 32 | . . . . 3 . . . . 4 . . . . . . 17 8 Repair Stations 28 | . 4 4 8 . 5 . . . . 2 . . . . . . 5 Recycling Units 8 | . 2 . . 2 . . . . . . . . . . . 1 3 Scanalyzers 19 | . . 7 3 6 . . . . . . . . . . . 1 2 Garrison Access 14 | . . . . 1 1 2 . . 2 . . . 3 1 . 4 . Terminal Hacks 65 | . 8 7 7 3 2 5 . . . 5 1 . . . . 20 7 Record 3 | . . . . . . . . . . . 1 . . . . . 2 Part Schematic 5 | . 1 . . . . . . . . 1 . . . . . 3 . Robot Analysis 1 | . . . . . . . . . . . . . . . . 1 . Prototype ID Bank 16 | . 3 3 3 1 . 2 . . . 1 . . . . . 3 . Open Door 3 | . . . . . . . . . . 3 . . . . . . . Level Access Points 1 | . . . . . . . . . . . . . . . . 1 . Branch Access Points 6 | . 1 1 1 1 . 1 . . . . . . . . . . 1 Terminal Index 7 | . 1 1 1 1 . 1 . . . . . . . . . 1 1 Fabricator Index 1 | . . . . . . . . . . . . . . . . 1 . Garrison Index 2 | . . . . . 1 . . . . . . . . . . 1 . Alert Level 3 | . . 1 . . . . . . . . . . . . . 1 1 Unreport Threat 7 | . 2 1 2 . . . . . . . . . . . . 2 . Locate Traps 2 | . . . . . . . . . . . . . . . . . 2 Recall Investigation 1 | . . . . . . . . . . . . . . . . 1 . Recall Reinforcements 1 | . . . . . . . . . . . . . . . . 1 . Registered Components 1 | . . . . . . . . . . . . . . . . 1 . Zone Layout 5 | . . . . . 1 1 . . . . . . . . . 3 . Fabricator Hacks 14 | . . . . 1 . . . . 1 . . . . . . 9 3 Network Status 3 | . . . . 1 . . . . 1 . . . . . . . 1 Load Schematic 5 | . . . . . . . . . . . . . . . . 4 1 Build 6 | . . . . . . . . . . . . . . . . 5 1 Repair Station Hacks 20 | . 4 1 7 . 5 . . . . 2 . . . . . . 1 Scan Component 12 | . 2 1 4 . 3 . . . . 1 . . . . . . 1 Repair 8 | . 2 . 3 . 2 . . . . 1 . . . . . . . Recycling Unit Hacks 5 | . 2 . . 1 . . . . . . . . . . . 1 1 Retrieve Components 5 | . 2 . . 1 . . . . . . . . . . . 1 1 Scanalyzer 14 | . . 5 3 4 . . . . . . . . . . . 1 1 Insert Component 9 | . . 3 2 2 . . . . . . . . . . . 1 1 Analyze 5 | . . 2 1 2 . . . . . . . . . . . . . Garrison Access Hacks 5 | . . . . 1 1 . . . . . . . . 1 . 2 . Seal Access 5 | . . . . 1 1 . . . . . . . . 1 . 2 . Unauthorized Hacks 30 | . 4 2 4 1 . 2 . . 1 2 . . . . . 12 2 Terminals 23 | . 4 2 4 1 . 2 . . . 2 . . . . . 8 . Track 2 | . . . . . . . . . . . . . . . . 2 . Assimilate 4 | . 1 . . . . 1 . . . . . . . . . 2 . Botnet 8 | . 2 2 1 . . 1 . . . . . . . . . 2 . Disrupt 4 | . . . 1 . . . . . . 2 . . . . . 1 . Operators 5 | . 1 . 2 1 . . . . . . . . . . . 1 . Fabricators 7 | . . . . . . . . . 1 . . . . . . 4 2 Prioritize 2 | . . . . . . . . . . . . . . . . 2 . Fabnet 5 | . . . . . . . . . 1 . . . . . . 2 2 Repair Stations . | . . . . . . . . . . . . . . . . . . Recycling Units . | . . . . . . . . . . . . . . . . . . Scanalyzers . | . . . . . . . . . . . . . . . . . . Garrison Access . | . . . . . . . . . . . . . . . . . . Data Cores Recovered 3 | . . . . . 1 . . . . 1 . . . . . . 1 Used 2 | . . . . . . . . . . 1 . . . . . . 1 Hacking Detections 80 | . 5 9 12 5 5 5 . . 4 9 1 . 2 . . 13 10 Full Trace Events 12 | . . . . 1 1 1 . . . 2 . . . . . 4 3 Feedback Events 1 | . . . . . . . . . . . . . . . . 1 . Hackware Fried 1 | . . . . . . . . . . . . . . . . 1 . Feedback Blocked 1 | . . . . . . . . . . . . . . . . . 1 Robot Schematics Acquired . | . . . . . . . . . . . . . . . . . . Robots Built 3 | . . . . . . . . . . . . . . . . 3 . Authchips . | . . . . . . . . . . . . . . . . . . Time 31 | . . . . . . . . . . . . . . . . 31 . Total Robot Build Rating 21 | . . . . . . . . . . . . . . . . 21 . Part Schematics Acquired 9 | . 1 2 1 2 . . . . . 1 . . . . . 2 . Parts Built 5 | . . . . . . . . . . . . . . . . 4 1 Authchips 1 | . . . . . . . . . . . . . . . . 1 . Time 266 | . . . . . . . . . . . . . . . . 197 69 Total Part Build Rating 35 | . . . . . . . . . . . . . . . . 26 9 Parts Repaired 8 | . 2 . 3 . 2 . . . . 1 . . . . . . . Time 340 | . 58 . 136 . 76 . . . . 70 . . . . . . . Parts Recycled . | . . . . . . . . . . . . . . . . . . Recycled Matter . | . . . . . . . . . . . . . . . . . . Retrieved Matter . | . . . . . . . . . . . . . . . . . . Retrieved Components 31 | . 10 . . 9 . . . . . . . . . . . 2 10 Parts Scanalyzed 5 | . . 3 . 2 . . . . . . . . . . . . . Part Schematics Acquired 5 | . . 2 1 2 . . . . . . . . . . . . . Parts Damaged . | . . . . . . . . . . . . . . . . . . Bothacking | -11 -10 -9 -8 -7 -7 -6 -6 -6 -5 -5 -5 -5 -5 -4 -4 -4 -3 ------------ Run | Yrd Mat Mat Mat Fac Sto Fac Low Low Fac Ext Cet Arc Hub Fac Was Fac Res Used RIF Installer . | . . . . . . . . . . . . . . . . . . Robots Hacked 11 | . . . . . . . . . . . . . . . . 4 7 Non-combat . | . . . . . . . . . . . . . . . . . . Combat 11 | . . . . . . . . . . . . . . . . 4 7 Robot Hacks Applied . | . . . . . . . . . . . . . . . . . . Relay Couplers Released 1 | . . . . . 1 . . . . . . . . . . . . Machine Destruction 1 | . . . . . 1 . . . . . . . . . . . . Fabnet Peak Effective % 7 | . . . . . . . . . . . . . . 3 3 3 7 Autooverrided 11 | . . . . . . . . . . . . . . . . 4 7 Robots Rewired 14 | . . . . . . . . . . 14 . . . . . . . Allies Hacked . | . . . . . . . . . . . . . . . . . . Hacks Repelled . | . . . . . . . . . . . . . . . . . . Allies | -11 -10 -9 -8 -7 -7 -6 -6 -6 -5 -5 -5 -5 -5 -4 -4 -4 -3 -------- Run | Yrd Mat Mat Mat Fac Sto Fac Low Low Fac Ext Cet Arc Hub Fac Was Fac Res Total Allies 39 | . 1 . . . . . . . . 22 . . . . 1 8 7 Largest Group 9 | . 1 1 1 . . . . . . 9 1 1 . . 1 4 2 Highest-Rated Group 292 | . 10 10 10 . . . . . . 292 159 159 . . 46 197 88 Highest-Rated Ally 159 | . 10 10 10 . . . . . . 159 159 159 . . 46 56 82 Total Orders 23 | . 2 12 . . . . . . . . . . 7 . . 2 . STAY 9 | . 1 6 . . . . . . . . . . 1 . . 1 . ROAM 1 | . . . . . . . . . . . . . 1 . . . . FOLLOW 8 | . 1 6 . . . . . . . . . . . . . 1 . EXPLORE 4 | . . . . . . . . . . . . . 4 . . . . RETURN 1 | . . . . . . . . . . . . . 1 . . . . Ally Attacks 339 | . . . . . . . . . . 282 5 . . . 8 21 23 Total Damage 7583 | . . . . . . . . . . 6152 146 . . . 252 481 552 Kills 47 | . . . . . . . . . . 41 2 . . . . 3 1 Allies Corrupted . | . . . . . . . . . . . . . . . . . . Allies Melted 1 | . . . . . . . . . . 1 . . . . . . . Intel | -11 -10 -9 -8 -7 -7 -6 -6 -6 -5 -5 -5 -5 -5 -4 -4 -4 -3 ------- Run | Yrd Mat Mat Mat Fac Sto Fac Low Low Fac Ext Cet Arc Hub Fac Was Fac Res Robot Analysis Total 1 | . . . . . . . . . . . . . . . . 1 . Derelict Logs Recovered . | . . . . . . . . . . . . . . . . . . Drone Launches 6 | . . . . . . . . . . . . . 6 . . . . Drone Recoveries 6 | . . . . . . . . . . . . . 6 . . . . Exploration | -11 -10 -9 -8 -7 -7 -6 -6 -6 -5 -5 -5 -5 -5 -4 -4 -4 -3 ------------- Run | Yrd Mat Mat Mat Fac Sto Fac Low Low Fac Ext Cet Arc Hub Fac Was Fac Res Turns Passed 17067 | 126 915 1130 1459 1672 859 859 788 208 1079 1233 227 724 743 61 34 1222 3728 Spaces Moved 10485 | 76 623 690 750 1065 464 555 516 166 579 547 145 307 370 56 84 1399 2093 Core 229 | 1 . . . . . . . . . . . . 22 18 . . 188 Treads . | . . . . . . . . . . . . . . . . . . Legs 7056 | . . 23 507 1065 464 555 516 166 579 547 145 307 348 . . . 1834 Wheels 1608 | 75 623 667 243 . . . . . . . . . . . . . . Hover 1592 | . . . . . . . . . . . . . . 38 84 1399 71 Flight . | . . . . . . . . . . . . . . . . . . Fastest Speed 38 | 50 80 105 110 122 122 121 121 121 120 120 120 120 50 40 40 38 48 Average Speed 112 | 89 97 117 120 123 123 121 121 121 139 144 120 131 116 43 40 54 121 Slowest Speed 470 | 100 110 470 195 124 190 121 121 121 400 190 120 190 190 50 40 65 255 Overloaded Moves . | . . . . . . . . . . . . . . . . . . Propulsion Burnouts . | . . . . . . . . . . . . . . . . . . Robots Hopped . | . . . . . . . . . . . . . . . . . . Cave-ins Triggered . | . . . . . . . . . . . . . . . . . . Exploration Rate (%) 44 | 4 67 59 52 25 67 14 67 14 9 67 60 97 33 2 77 39 46 Regions Visited 17 Branch Regions 7 Pre-discovered Areas . | . . . . . . . . . . . . . . . . . . Known Exits Taken 11 | . . . . 1 1 1 1 1 1 1 1 1 1 . . 1 . Unknown Exits Taken 4 | 1 1 1 1 . . . . . . . . . . . . . . Scrap Searched 2 | . . . . . . . 1 1 . . . . . . . . . Spaces Dug 53 | . . . . 5 1 . 8 . 2 3 . . 11 . . 8 15 Terrain Destroyed 875 | . 2 . 8 54 16 7 25 13 40 21 19 8 402 . . 8 252 Melee 13 | . . . . . . . . . . 3 . . . . . 8 2 Projectile 192 | . . . . 8 6 . 25 . 16 12 . 8 40 . . . 77 AOE 670 | . 2 . 8 46 10 7 . 13 24 6 19 . 362 . . . 173 Terrain Rammed . | . . . . . . . . . . . . . . . . . . Walls Destroyed . | . . . . . . . . . . . . . . . . . . Machines Disabled . | . . . . . . . . . . . . . . . . . . Actions | -11 -10 -9 -8 -7 -7 -6 -6 -6 -5 -5 -5 -5 -5 -4 -4 -4 -3 --------- Run | Yrd Mat Mat Mat Fac Sto Fac Low Low Fac Ext Cet Arc Hub Fac Was Fac Res Total 14301 | 111 849 865 1189 1303 705 681 622 172 739 897 192 539 556 93 83 1805 2900 Wait 1894 | 4 143 30 250 92 160 55 40 . 27 123 32 146 84 24 . 343 341 Move 10469 | 75 622 689 749 1064 463 554 515 165 578 546 144 306 369 56 83 1398 2093 Hop . | . . . . . . . . . . . . . . . . . . Pick Up 216 | 10 16 15 26 13 8 5 2 1 12 18 2 10 1 4 . 5 68 Fast Attach 116 | 6 5 8 9 1 5 1 . . 9 9 1 4 5 4 . 16 33 Attach 94 | . 6 4 6 4 1 3 . 1 9 5 . 5 4 1 . 1 44 Detach 18 | . . 2 1 . . . . 1 1 2 . 1 . . . . 10 Swap 253 | 1 5 9 21 33 20 21 5 2 20 28 4 11 14 . . 4 55 Drop 235 | 2 4 23 42 15 18 7 2 1 12 31 2 13 7 4 . 6 46 Fire 838 | 13 48 85 85 81 30 35 58 1 71 40 7 43 70 . . . 171 Melee 70 | . . . . . . . . . . 14 . . . . . 28 28 Ram 2 | . . . . . . . . . . . . . . . . . 2 Kick 6 | . . . . . . . . . . 1 . . 2 . . . 3 Crush . | . . . . . . . . . . . . . . . . . . Escape Stasis 14 | . . . . . . . . . . 10 . . . . . 4 . Rewire 76 | . . . . . . . . . . 70 . . . . . . 6 Trap . | . . . . . . . . . . . . . . . . . . Miscellaneous . | . . . . . . . . . . . . . . . . . . Route ------- -11/Scrapyard -10/Materials (discovered 3 exits: *Mat / *Min x2) -9/Materials (discovered 3 exits: *Mat x2 / *Min) -8/Materials -7/Factory (discovered 3 exits: *Sto / Low x2) -7/Storage -6/Factory (discovered 2 exits: *Low x2) -6/Lower Caves -6/Lower Caves -5/Factory -5/Extension (discovered 2 exits: *Fac / *Cet) -5/Cetus -5/Archives (discovered 3 exits: *Fac / *Hub x2) -5/Hub_04(d) -4/Factory -4/Waste -4/Factory (discovered 5 exits: *Res x4 / *Upp) -3/Research (discovered 4 exits: [*Res] / Arm / Qua x2) History --------- Turn | Location | Event 20 | -11/Scrapyard | Discovered new exit (range 15) 127 | -11/Scrapyard | Entered Materials 242 | -10/Materials | Core integrity fell below 50% 259 | -10/Materials | Core integrity fell below 20% 271 | -10/Materials | Lost 5 parts (1p2n2w) 317 | -10/Materials | Build established: Mutant 426 | -10/Materials | Discovered new exit (range 16) 501 | -10/Materials | Identified exit to Mines 628 | -10/Materials | Build established: Scavenger-Mutant 809 | -10/Materials | Repaired Particle Gun 841 | -10/Materials | Repaired Lgt. Assault Rifle 940 | -10/Materials | Central database locked down 1042 | -10/Materials | Entered another Materials area 1042 | -9/Materials | Accompanied by 1 ally 1042 | -9/Materials | Evolved 2 slots: Utility x2 1247 | -9/Materials | Discovered new exit (range 16) 1428 | -9/Materials | Lost 3 parts (2n1u) 1450 | -9/Materials | Discovered new exit (range 15) 1817 | -9/Materials | Identified exit to Mines 2144 | -9/Materials | Central database locked down 2155 | -9/Materials | Discovered new exit (range 11) 2172 | -9/Materials | Entered another Materials area 2172 | -8/Materials | Accompanied by 1 ally 2172 | -8/Materials | Evolved 2 slots: Propulsion x2 3260 | -8/Materials | Repaired Carbon-fiber Leg 3321 | -8/Materials | Repaired Enh. Autogun 3360 | -8/Materials | Repaired Nuclear Core? 3605 | -8/Materials | Discovered new exit (range 16) 3631 | -8/Materials | Entered Factory 3631 | -7/Factory | Evolved 2 slots: Propulsion x1, Utility x1 3718 | -7/Factory | Identified exit to Storage 3718 | -7/Factory | Identified exit to Lower Caves 4473 | -7/Factory | Garrison activated, responded to threat 4772 | -7/Factory | Build established: Mutant 5078 | -7/Factory | Build established: Scavenger-Mutant 5231 | -7/Factory | First assault squad dispatched 5303 | -7/Factory | Entered Storage 5732 | -7/Storage | Repaired Titanium Leg 5772 | -7/Storage | Repaired Carbon-fiber Leg 6158 | -7/Storage | Discovered new exit (range 4) 6161 | -7/Storage | Identified exit to Factory 6162 | -7/Storage | Entered Factory 6162 | -6/Factory | Evolved 2 slots: Propulsion x1, Weapon x1 6222 | -6/Factory | Build established: Mutant 6348 | -6/Factory | Identified exit to Lower Caves 7021 | -6/Factory | Entered Lower Caves 7026 | -6/Lower Caves | Encountered a Warlord checkpoint 7090 | -6/Lower Caves | Spotted B-75 Beast 7387 | -6/Lower Caves | Build established: Skirmisher 7796 | -6/Lower Caves | Discovered new exit (range 11) 7808 | -6/Lower Caves | Identified exit to Lower Caves 7809 | -6/Lower Caves | Entered another Lower Caves area 7815 | -6/Lower Caves | Discovered new exit (range 22) 7892 | -6/Lower Caves | Identified exit to Factory 8017 | -6/Lower Caves | Entered Factory 8017 | -5/Factory | Evolved 2 slots: Power x1, Utility x1 8157 | -5/Factory | Build established: Scavenger-Skirmisher 8702 | -5/Factory | Lost 3 parts (2n1w) 8920 | -5/Factory | Discovered new exit (range 13) 8925 | -5/Factory | Destroyed 8 combat bots 8940 | -5/Factory | System corruption reached 10% 8957 | -5/Factory | Lost 9 parts (4n2u3w) 8987 | -5/Factory | System corruption reached 30% 9010 | -5/Factory | Identified exit to Extension 9096 | -5/Factory | Entered Extension 9175 | -5/Extension | Rescued a captive Derelict 9175 | -5/Extension | Rescued a captive Derelict 9193 | -5/Extension | Build established: Scavenger-Mutant 9504 | -5/Extension | Lost 3 allies 9571 | -5/Extension | Rescued a captive Derelict 9573 | -5/Extension | Rescued a captive Derelict 9583 | -5/Extension | Spotted B-75 Beast 9601 | -5/Extension | Allies destroyed B-75 Beast 9608 | -5/Extension | Spotted B-75 Beast 9643 | -5/Extension | Lost 11 allies 9746 | -5/Extension | Disrupted transfer network 9858 | -5/Extension | Repaired Prc. Grenade Launcher 9922 | -5/Extension | Rescued A7 9952 | -5/Extension | Rescued a captive Derelict 9986 | -5/Extension | Rescued a captive Derelict 9996 | -5/Extension | First assault squad dispatched 10009 | -5/Extension | Rescued a captive Derelict 10076 | -5/Extension | Lost 3 parts (1u2w) 10299 | -5/Extension | Discovered new exit (range 10) 10300 | -5/Extension | Discovered new exit (range 6) 10325 | -5/Extension | Identified exit to Cetus 10329 | -5/Extension | Entered Cetus 10329 | -5/Cetus | Accompanied by 1 ally (A7) 10334 | -5/Cetus | Acquired a Cetus Manufacturing Module code from A7 10378 | -5/Cetus | Spotted Cetus Guard 10378 | -5/Cetus | Spotted Cetus Guard 10380 | -5/Cetus | Spotted Cetus Guard 10385 | -5/Cetus | Allies destroyed Cetus Guard 10385 | -5/Cetus | Spotted Cetus Guard 10389 | -5/Cetus | Destroyed Cetus Guard 10390 | -5/Cetus | Destroyed Cetus Guard 10391 | -5/Cetus | Allies destroyed Cetus Guard 10538 | -5/Cetus | Discovered new exit (range 16) 10555 | -5/Cetus | Identified exit to Archives 10556 | -5/Cetus | Entered Archives 10556 | -5/Archives | Accompanied by 1 ally (A7) 10651 | -5/Archives | Build established: Scavenger-Tank 10701 | -5/Archives | Discovered new exit (range 15) 10717 | -5/Archives | Discovered new exit (range 16) 10869 | -5/Archives | Unable to access archive contents 10872 | -5/Archives | Discovered new exit (range 15) 11279 | -5/Archives | Identified exit to Hub_04(d) 11280 | -5/Archives | Entered Hub_04(d) 11737 | -5/Hub_04(d) | Spotted B-75 Beast 11913 | -5/Hub_04(d) | Disrupted transfer network 11971 | -5/Hub_04(d) | Network Hub disabled 11993 | -5/Hub_04(d) | Spotted Lightning 11998 | -5/Hub_04(d) | Spotted Lightning 11998 | -5/Hub_04(d) | Spotted Lightning 12006 | -5/Hub_04(d) | Network Hub disabled 12007 | -5/Hub_04(d) | Core integrity fell below 50% 12013 | -5/Hub_04(d) | Core integrity fell below 20% 12020 | -5/Hub_04(d) | Discovered new exit (range 6) 12022 | -5/Hub_04(d) | Identified exit to Factory 12023 | -5/Hub_04(d) | Entered Factory 12023 | -4/Factory | Evolved 2 slots: Utility x2 12037 | -4/Factory | Lost 13 parts (1p6n3u3w) 12053 | -4/Factory | Found Prototype Hackware 12084 | -4/Factory | Sucked down chute 12084 | -4/Factory | Entered Waste 12085 | -4/Waste | Met a frightened Derelict 12088 | -4/Waste | Spotted C-40 Crusher 12089 | -4/Waste | Spotted C-40 Crusher 12099 | -4/Waste | Spotted C-40 Crusher 12101 | -4/Waste | Spotted C-40 Crusher 12102 | -4/Waste | Spotted C-40 Crusher 12104 | -4/Waste | Spotted C-40 Crusher 12114 | -4/Waste | Discovered new exit (range 10) 12117 | -4/Waste | Identified exit to Factory 12118 | -4/Waste | Entered Factory 12204 | -4/Factory | Identified Exp. System Shield 12286 | -4/Factory | Build established: Hacker-Mutant 12332 | -4/Factory | Fabricated Exp. Terrain Scan Processor (x1) 12579 | -4/Factory | Fabricated Centrium Leg (x1) 12611 | -4/Factory | Discovered new exit (range 12) 12615 | -4/Factory | Identified exit to Upper Caves 12641 | -4/Factory | Build established: Hacker-Scout 12670 | -4/Factory | Central database locked down 12733 | -4/Factory | Fabricated Sensor Array (x1) 13140 | -4/Factory | Fabricated G-67 Veteran (x3) 13164 | -4/Factory | Fabricated Centrium Leg (x1) 13233 | -4/Factory | Lost 3 allies 13259 | -4/Factory | Identified exit to Research 13289 | -4/Factory | Imp. Hacking Suite fried by hacking feedback 13332 | -4/Factory | Spotted B-86 Titan 13340 | -4/Factory | Entered Research 13340 | -3/Research | Evolved 2 slots: Utility x1, Weapon x1 13414 | -3/Research | Fabricated Centrium Leg? 14274 | -3/Research | System corruption reached 10% 14316 | -3/Research | Destroyed 7 combat bots 14666 | -3/Research | Build established: Scavenger-Skirmisher 14802 | -3/Research | Lost 7 parts (2p3u2w) 15599 | -3/Research | Lost 6 parts (1p3n2w) 15652 | -3/Research | System corruption reached 30% 15761 | -3/Research | Found Fusion Bomb Launcher 15883 | -3/Research | First assault squad dispatched 16101 | -3/Research | Lost 3 parts (1n1u1w) 16207 | -3/Research | Found Gamma Bomb Array 16220 | -3/Research | Spotted B-86 Titan 16330 | -3/Research | Lost 3 parts (1p1n1u) 16516 | -3/Research | Core integrity fell below 50% 16593 | -3/Research | Lost 15 parts (1p6n2u6w) 16722 | -3/Research | Found Prototype Processor 16743 | -3/Research | Identified Exp. Signal Interpreter 16804 | -3/Research | Build established: Scavenger-Mutant 16818 | -3/Research | Spotted B-86 Titan 16979 | -3/Research | Identified exit to Armory 16979 | -3/Research | Identified exit to Quarantine 17007 | -3/Research | Lost 8 parts (1p4n3w) 17025 | -3/Research | Core integrity fell below 20% 17061 | -3/Research | Discovered new exit (range 14) 17068 | -3/Research | Destroyed by H-77 Assassin with Coil Gun Last Messages --------------- 17055_ Connecting with Terminal... >>Alert(Check) Current Alert Level: 4-N >>Traps(Locate) Found 4 traps in 1 array: 4x EM Surge Trap Map updated. 17055_ Connecting with Terminal... Feedback blocked by System Shield. 17055_ ALERT: Suspicious activity at Terminal R011. Dispatching Investigation squad. 17061_ EXIT=FOUND 17061_ Slug penetrates Wall. 17062_ Penetrated by Slug. 17065_ Imp. Hacking Suite destroyed. 17065_ Penetrated by Slug. 17066_ System corrupted: Energy discharge (-22). 17066_ Slug penetrates Door. 17066_ Slug penetrates Wall. 17068_ Penetrated by Slug. Map ----- +----------------------------------------------------+ | ?????????????????????????????????????????????????? | | ?????????????????????????????????????????????????? | | ?????????????????????????????????????????????????? | | ?????????????????????????????????????????????????? | | ?????????????????????????????????????????????????? | | ????????????????????????????????????????????###### | | ????????????????????????????????????????????# | | ????????????????????????????????????????????# | | ?????????????????????????????????????????#### | | ?????????????????????????????????????????# | | ?????????????????????????????????????????# | | ???????????##???#########????????????????# | | ???????????# ? #?????????######## !! | | ???????????# #?????????# # !! | | ???????????# """ """ #?????????# ||| # !! | | ???????????# """ """ #?????????# ||| + | | ??????????## """ """ #?????????# || # | | ??????????# #?????????# # | | ???????????# ! #?????????# ] + """ | | ???????????# #?????????#+###### """ | | ???????????# ""T"" #?????????# #????# """ | | ???????????# """"" #?????????# #????# """ | | ???????????# #?????????# #????# """ | | ???????????# #?????????# #????# """ | | ?????????#######+#;############???# #????# """ | | ?????????# ### ^ @ #???# ###### | | ?????????# ^ < #???# | | ?????????# ### h^ #???# | | ?????????## ##?# hh ^ h #???# " | | ??????????# #??# ###########???# "%" | | ??????????# #??# #?????????????# " | | ??????????# #??# #?????????????# | | ??????????# #??# +?????????????#/ | | ??????????# #??# #?????????????#=% !! | | ??????????# #??# #* """" ###### ! !! | | ??????#####+#### # """" / !% | | ??????# # # """" ######/## | | ??????# # #?????????# # | | ??????#] "" # #?????????# #### ### | | ??????# "" + #?????????# #??# #?# | | ??????# T" # #?????????# #??# #?# | | ??????# "" # #?????????# #??# #?# | | ??????# "" # #?????????# #??#???# | | ??????# # #?????????#####/##????### | | ??????# # ########+##### ### ## | | ################ [%= !### # | | ##### ### #?# ## | | #???# #????##?# #? | | #???# #???????# #? | | #???# #???????# #? | +----------------------------------------------------+ Best States ------------- Heat Dissipation 103 Energy Generation 37 Energy Capacity 575 Matter Stores 300 Matter Capacity 400 Sight Range 23 Robot Scan Range 16 Terrain Scan Range 16 Terrain Scan Density 1010 Armor Coverage 600 Resistance: TH 20 Resistance: EM 25 Propulsion Shielding 66 Weapon Cycling 20 Melee Speed Boost 30 Phase Shifting 10 Evasion (%) 65 Targeting Accuracy 8 Target Analysis 8 Offensive Hacking 24 Defensive Hacking 20 Authchip Count 1 Item Schematics ----------------- Hcp. Storage Unit | -10/Materials | Hacked Hacking Suite | -9/Materials | Scanalyzed Imp. Terrain Scanner | -9/Materials | Scanalyzed Sensor Array | -8/Materials | Scanalyzed Prc. Grenade Launcher | -7/Factory | Scanalyzed Adv. EMP Blaster | -7/Factory | Scanalyzed Nova Cannon | -5/Extension | Hacked Exp. Terrain Scan Processor | -4/Factory | Hacked Centrium Leg | -4/Factory | Hacked Robot Schematics ------------------ None Fabricated ------------ Exp. Terrain Scan Processor | x1 | -4/Factory | Authchip Centrium Leg | x1 | -4/Factory Sensor Array | x1 | -4/Factory G-67 Veteran | x3 | -4/Factory | Preloaded Centrium Leg | x1 | -4/Factory Centrium Leg | x1 | -3/Research Alien Tech Used ----------------- None Achievements -------------- Treasure Hunter Challenges ------------ None Game ------ Seed AnalysisMetaAutogun Manual? 0 Play Time 04:19:42 Cumulative 193.6 hours Start 2024.05.16 @ 18:49:44 End 2024.05.18 @ 12:51:40 Sessions 3 Manual Loads 0 Difficulty Rogue Special Mode None Game No. 107 Rogue 107 Adventurer 0 Explorer 0 Win Type - Total 3 Types 3/0/0/0/0/0/0/0/0 Lore% 54 Gallery% 58 Achievement% 52 Wizard Run 0 Options --------- Layout 1 ASCII 0 Keyboard 1 Movement Vi Keybinds 0 Fullscreen 2 Font 24/Smallcaps Map View 50x35 Zoom Use 0% Tactical HUD 1 Map Filters NONE Filters NONE Steam 1 RUN: 9f10c6ea-481d-4137-83c3-c082a548799f